 Dungeon Crawl Stone Soup version 0.28-a0-1616-g050a50673c (webtiles) character file.

Game seed: 17308241620550974620

35 Gargoyl the Skirmisher (level 3, 0/35 HPs)
             Began as a Gnoll Abyssal Knight on Jan 22, 2022.
             Was a Follower of Lugonu.
             Slain by an orc priest (5 damage)
             ... on level 2 of the Dungeon.
             The game lasted 00:01:15 (1320 turns).

Gargoyl the Skirmisher (Gnoll Abyssal Knight)       Turns: 1320, Time: 00:01:16

Health: 0/35       AC:  6    Str: 14    XL:     3   Next: 33%
Magic:  6/6        EV: 12    Int:  9    God:    Lugonu [*.....]
Gold:   50         SH:  0    Dex: 12    Spells: 3/3 levels left

rFire   . . .      SeeInvis .   a - +1 hand axe
rCold   . . .      Faith    .   (no shield)
rNeg    . . .      Spirit   .   b - +0 leather armour
rPois   .          Reflect  .   f - +2 helmet
rElec   .          Harm     .   (no cloak)
rCorr   .          Rampage  .   (no gloves)
Will    .....                   (no boots)
Stlth   +.........              (no amulet)
HPRegen 0.11/turn               (no ring)
MPRegen 0.10/turn               (no ring)

@: studying Slings, invisible
A: fangs 1, strong nose, distributed training
a: Renounce Religion, Depart the Abyss


You were on level 2 of the Dungeon.
You worshipped Lugonu.
Lugonu was aware of your devotion.
You visited 1 branch of the dungeon, and saw 2 of its levels.
You visited the Abyss 1 time.

You collected 50 gold pieces.

Inventory:

Hand Weapons
 a - a +1 hand axe (weapon)
Armour
 b - a +0 leather armour (worn)
 f - a +2 helmet (worn)
Scrolls
 c - 2 scrolls of fog {unknown}
 d - a scroll of teleportation {unknown}
 e - a scroll of identify {unknown}
 h - a scroll of blinking {unknown}


   Skills:
 + Level 6.5 Fighting
 + Level 0.7 Short Blades
 + Level 0.7 Long Blades
 + Level 4.5 Axes
 + Level 0.7 Maces & Flails
 + Level 0.7 Polearms
 + Level 0.7 Staves
 + Level 1.0 Slings
 + Level 0.7 Bows
 + Level 0.7 Crossbows
 + Level 0.7 Throwing
 + Level 4.5 Armour
 + Level 2.6 Dodging
 + Level 0.7 Stealth
 + Level 0.7 Shields
 + Level 0.7 Unarmed Combat
 + Level 0.7 Spellcasting
 + Level 0.5 Conjurations
 + Level 0.5 Hexes
 + Level 0.5 Summonings
 + Level 0.5 Necromancy
 + Level 0.5 Translocations
 + Level 0.5 Transmutations
 + Level 0.5 Fire Magic
 + Level 0.5 Ice Magic
 + Level 0.5 Air Magic
 + Level 0.5 Earth Magic
 + Level 0.5 Poison Magic
 + Level 4.5 Invocations
 + Level 0.7 Evocations


You had 3 spell levels left.
You didn't know any spells.
Your spell library was empty.

Dungeon Overview and Level Annotations

Branches:
Dungeon (2/15)

Altars:


Innate Abilities, Weirdness & Mutations

You have very sharp teeth.
Your uncanny sense of smell can sniff out nearby items.
Your experience applies equally to all skills.


Message History

You barely miss the orc. You hit the jackal but do no damage.
You miss something.
You catch the helpless orc completely off-guard!
You hit the orc.
You strike the helpless orc from behind!
You hit the orc. The orc closely misses you. The jackal barely misses you.
The orc hits you but does no damage. The orc priest misses you.
You hear some strange, mumbled words.
Something tries to affect you, but you resist.
The orc closely misses you. The orc misses you.
You barely miss the orc priest. You bite the orc priest.
The orc priest is moderately wounded.
You hit the orc but do no damage. You barely miss the orc.
You hit something but do no damage. You hit the jackal.
You hit the orc but do no damage. The jackal bites you.
The orc closely misses you. The orc priest closely misses you.
You hear some strange, mumbled words.
A magic dart appears from out of thin air!
The magic dart hits you.
* * * LOW HITPOINT WARNING * * *
The jackal bites you but does no damage.
The orc barely misses you. x2
You hit the orc priest.
The orc priest is heavily wounded.
You catch the helpless orc completely off-guard!
You hit the orc but do no damage. You hit the jackal but do no damage.
You hit something but do no damage. You hit the orc.
You kill the orc!
Lugonu accepts your kill.
You hit the orc. The jackal barely misses you.
The orc hits you but does no damage. The orc priest closely misses you.
Something barely misses you. The orc hits you with a +0 dagger.
* * * LOW HITPOINT WARNING * * *
You barely miss the orc priest.
The orc priest is heavily wounded.
You barely miss the orc. You hit something.
You hit the jackal but do no damage. You hit the orc but do no damage.
The jackal barely misses you.
The orc priest hits you with a +0 short sword.
You die...

#.......†)#..#######..#
....#.#..<#.###$⌠$###.#
.#. #.#...#.##.....##.#
.. #.###.#.#.......#.#
. #.# #.#.#.......#.#
#.. ..#.#....o..#.# ###
###.#.......#.#
#.#..o){..#.# ∆
#..o@h..#.#
.#..o....#.#
...........).#
#........#####
##########


You could see 2 orc priests, 2 orcs and a jackal.

Vanquished Creatures
  2 dart slugs (D:1)
  2 orcs (D:2)
  A ball python (D:1)
  2 bats (D:1)
  4 endoplasms (D:1)
  2 goblins
  A jackal (D:2)
  A kobold (D:1)
  5 quokkas (D:1)
  2 frilled lizards
  2 rats (D:1)
24 creatures vanquished.

Vanquished Creatures (others)
  A plant (D:1)
1 creature vanquished.

Grand Total: 25 creatures vanquished

Notes
Turn   | Place    | Note
-------+----------+-------------------------------------------
     0 | Abyss:1  | Gargoyl the Gnoll Abyssal Knight began the quest for the
                  | Orb.
     0 | Abyss:1  | Reached XP level 1. HP: 23/23 MP: 3/3
     6 | Abyss:1  | Noticed a death drake
     6 | Abyss:1  | Noticed a tentacled monstrosity
     7 | Abyss:1  | Noticed a wretched star
     8 | Abyss:1  | Noticed a shining eye
     8 | Abyss:1  | a death drake changed into a shining eye
   109 | D:1      | Escaped the Abyss
   450 | D:1      | Reached XP level 2. HP: 28/29 MP: 5/5
   556 | D:1      | Found a faded altar of an unknown god.
   617 | D:1      | Reached * piety under Lugonu
   920 | D:1      | Reached XP level 3. HP: 35/35 MP: 6/6
  1302 | D:2      | Reached skill level 1 in Slings
  1320 | D:2      | Slain by an orc priest

Illustrated notes

Levels and vault maps discovered:
D:1:      co_arrival_random_square_maze, layout_rooms,
          shapermc_ecumenical_altar_mp_ritualfount,
          hangedman_decor_clover_reticule, minmay_unequal
D:2:      cheibrodos_pilgrimage, layout_basic, serial_glass, glass_columns_b,
          glass_columns_b, glass_columns_a, glass_columns_b, glass_columns_b,
          glass_columns_b, basic_altar, dk_vineyard_2, minmay_split_cup_large,
          uniq_robin

Skill      XL: |  1  2  3 |
---------------+----------+-----
Slings         | 1 |  1.0
Fighting       | |  6.5
Short Blades   | |  0.7
Long Blades    | |  0.7
Axes           | |  4.5
Maces & Flails | |  0.7
Polearms       | |  0.7
Staves         | |  0.7
Bows           | |  0.7
Crossbows      | |  0.7
Throwing       | |  0.7
Armour         | |  4.5
Dodging        | |  2.6
Stealth        | |  0.7
Shields        | |  0.7
Unarmed Combat | |  0.7
Spellcasting   | |  0.7
Conjurations   | |  0.5
Hexes          | |  0.5
Summonings     | |  0.5
Necromancy     | |  0.5
Translocations | |  0.5
Transmutations | |  0.5
Fire Magic     | |  0.5
Ice Magic      | |  0.5
Air Magic      | |  0.5
Earth Magic    | |  0.5
Poison Magic   | |  0.5
Invocations    | |  4.5
Evocations     | |  0.7

Action                   || total
-------------------------++-------
Melee: Hand axe          ||    68
       Bite              ||     8
       Punch             ||     1
Invok: Depart the Abyss  ||     1
  Use: Potion            ||     4
 Stab: Invisible         ||     3
Armor: Leather armour    ||    45
Dodge: Dodged            ||    93

Table legend: (Time is in decaauts)
 A = Elapsed time spent in this place.
 B = Non-inter-level travel time spent in this place.
 C = Inter-level travel time spent in this place.
 D = Time resting spent in this place.
 E = Time spent auto-exploring this place.
 F = Levels seen in this place.
 G = Mean time per level.
                   A        B        C        D        E       F      G
               +--------+--------+--------+--------+--------+-----+--------+
         Total |   1325 |   1298 |     27 |      0 |   1076 |   3 |  441.7 |
       Dungeon |   1215 |   1188 |     27 |      0 |    970 |   2 |  607.5 |
         Abyss |    109 |    109 |      0 |      0 |    106 |   1 |  109.0 |
               +--------+--------+--------+--------+--------+-----+--------+

Top non-repeatable levels by time:
     D:1: 1124 daAuts
 Abyss:1: 109 daAuts
     D:2: 91 daAuts
